AoeStats
← hotzmann

Arabia

509749657Analyzed
4v4 RM · 5d ago on Sep 27, 2026· 51m 40s· 8 players
Game mode
Random Map
Map size
Large (8 player)
Population
200
Speed
Normal
Resources
Standard
Victory
Conquest
Starting age
Dark Age
Ending age
Imperial Age
RankedLock teamsTeams togetherTeam positionsShared explorationLock speedFull tech treeHidden civsTurbo modeCheats
Victory
Defeat
🇧🇪 Magyars · Belgium
1180
+12
🇺🇸 Hindustanis · United States
1130
+14
🇲🇽 Khmer · Mexico
1106
+15
🇦🇷 Shu · Argentina
1031
+17
🇩🇪 Varangians · Germany
1174
-18
🇺🇸 Inca · United States
1088
-15
🇬🇧 Saxons · United Kingdom
1043
-13
🇺🇸 Khmer · United States
1023
-12
andrewcarnegiehill_2006
11:33 Feudal Age
15:18 Castle Age
13:31 Double-Bit Axe
14:06 Horse Collar
16:16 Loom
37:14 Imperial Age
35:10 Bloodlines
35:00 Husbandry
35:50 Light Cavalry
38:10 Wheelbarrow
37:20 Town Watch
37:42 Scale Barding Armor
37:47 Forging
38:15 Heavy Plow
38:37 Double Crossbow
38:33 Elite Ballista Elephant
40:43 Chain Barding Armor
42:02 Chemistry
41:18 Fortified Wall
43:10 Crop Rotation
44:02 Plate Barding Armor
44:03 Iron Casting
42:55 Hussar
43:58 Stone Mining
44:11 Town Patrol
45:49 Gold Mining
47:10 Blast Furnace
46:01 Fletching
48:51 Chemistry
51:12 Ballistics
hotzmann
11:42 Feudal Age
12:53 Loom
13:35 Double-Bit Axe
14:05 Horse Collar
16:44 Castle Age
15:36 Horse Collar
22:19 Bow Saw
23:56 Wheelbarrow
31:29 Imperial Age
28:59 Stone Mining
29:00 Gold Mining
29:34 Town Watch
30:59 Bloodlines
36:36 Grand Trunk Road
37:43 Husbandry
39:41 Chemistry
40:18 Hand Cart
40:17 Heavy Camel Rider
41:48 Gold Shaft Mining
42:43 Scale Barding Armor
42:49 Forging
44:27 Chain Barding Armor
45:45 Iron Casting
46:01 Plate Barding Armor
46:08 Squires
45:54 Arson
49:17 Blast Furnace
47:54 Elite Ghulam
49:52 Block Printing
49:59 Sanctity
52:20 Stone Shaft Mining
noumha
10:39 Feudal Age
11:05 Loom
15:22 Castle Age
14:17 Horse Collar
26:46 Husbandry
26:56 Bloodlines
26:55 Scale Barding Armor
27:33 Light Cavalry
29:09 Chain Barding Armor
35:26 Imperial Age
34:44 Double-Bit Axe
34:53 Gold Mining
35:30 Cavalier
36:54 Conscription
36:57 Hussar
39:59 Heavy Plow
40:13 Bow Saw
43:17 Wheelbarrow
45:10 Plate Barding Armor
45:07 Paladin
Archimago del Kirin Tor
10:36 Feudal Age
11:33 Double-Bit Axe
14:55 Man-at-Arms
15:55 Horse Collar
18:20 Loom
20:13 Wheelbarrow
22:25 Castle Age
24:14 Stone Mining
25:15 Gold Mining
25:43 Bow Saw
25:56 Crossbowman
27:37 Gold Shaft Mining
28:53 Hand Cart
30:33 Ballistics
30:22 Thumb Ring
30:38 Masonry
31:28 Coiled Serpent Array
30:53 Pikeman
32:52 Treadmill Crane
33:48 Fletching
34:06 Padded Archer Armor
36:01 Leather Archer Armor
38:09 Squires
38:07 Bodkin Arrow
38:54 Town Watch
40:04 Town Patrol
40:31 Scale Mail Armor
40:42 Forging
48:00 Imperial Age
50:46 Heavy Plow
SuBMiiTzz
7:24 Loom
10:34 Feudal Age
12:32 Scale Mail Armor
13:01 Champi Runner
14:46 Arson
15:40 Forging
15:49 Double-Bit Axe
19:54 Horse Collar
22:43 Castle Age
22:49 Wheelbarrow
24:06 Chain Mail Armor
24:56 Squires
26:35 Iron Casting
26:59 Heavy Plow
27:31 Bow Saw
27:56 Champi Warrior
30:28 Pikeman
34:06 Hand Cart
36:20 Gold Mining
39:05 Imperial Age
38:30 Fletching
40:25 Fabric Shields
40:46 Conscription
41:07 Elite Champi Warrior
42:56 Blast Furnace
42:27 Plate Mail Armor
43:41 Gold Shaft Mining
43:38 Crop Rotation
44:58 Elite Kamayuk
47:23 Halberdier
48:34 Stone Mining
49:57 Stone Shaft Mining
49:22 Bodkin Arrow
XxMrKr0NiC420xX
8:55 Loom
10:41 Feudal Age
12:09 Double-Bit Axe
19:33 Castle Age
18:07 Horse Collar
19:23 Gold Mining
21:53 Bloodlines
23:21 Scale Barding Armor
23:27 Forging
23:10 Fletching
23:25 Scale Mail Armor
24:04 Stone Mining
24:50 Gold Shaft Mining
24:32 Bow Saw
26:41 Iron Casting
26:27 Chain Barding Armor
27:04 Pikeman
30:30 Husbandry
29:51 Light Cavalry
34:33 Imperial Age
32:41 Wheelbarrow
33:02 Bodkin Arrow
36:29 Conscription
36:51 Stone Shaft Mining
36:34 Halberdier
36:57 Capped Ram
38:05 Heavy Scorpion
38:49 Double Crossbow
40:46 Hand Cart
41:01 Bracer
42:02 Blast Furnace
41:38 Plate Barding Armor
41:05 Padded Archer Armor
41:52 Hand Cart
43:43 Chain Mail Armor
46:23 Elite Ballista Elephant
50:46 Chemistry
50:06 Ballistics
49:53 Siege Engineers
49:48 Murder Holes
AndersonGym
10:57 Feudal Age
11:48 Double-Bit Axe
13:18 Wheelbarrow
12:40 Horse Collar
18:16 Castle Age
19:14 Bow Saw
22:35 Heavy Plow
24:20 Scale Mail Armor
27:16 Scale Barding Armor
27:25 Forging
28:05 Gambesons
28:45 Hand Cart
29:36 Loom
31:11 Iron Casting
35:13 Gold Mining
37:45 Chain Mail Armor
37:42 Squires
41:07 Imperial Age
41:19 Elite Varangian Guard
CriPe FusIonz
7:19 Loom
10:04 Feudal Age
11:00 Double-Bit Axe
15:01 Bloodlines
15:50 Scale Barding Armor
15:58 Forging
17:23 Scale Barding Armor
23:02 Castle Age
27:13 Wheelbarrow
27:01 Husbandry
27:27 Chain Barding Armor
35:47 Imperial Age
34:09 Horse Collar
34:45 Bow Saw
36:03 Cavalier
36:50 Vendel Legacy
39:20 Plate Barding Armor
43:08 Heavy Plow
44:14 Iron Casting
Connection lost

Rejoining the realm…

Still unreachable

The connection could not be restored.

Session expired

The server has moved on; the page needs a fresh start.